 Dungeon Sprint DCSS version 0.31-a0-408-gb642c7f9a3 (webtiles) character file.

Game seed: 13955186217094446608

21 shakesphere1979 the Poker (level 2, -9/27 HPs)
             Began as a Merfolk Chaos Knight on July 29, 2023.
             Was a Plaything of Xom.
             Mangled by a human
             ... wielding a +0 spear
              (15 damage)
             ... in the Dungeon (Sprint III: "The Ten Rune Challenge").
             The game lasted 00:02:11 (186 turns).

shakesphere1979 the Poker (Merfolk Chaos Knight)     Turns: 186, Time: 00:02:13

Health: -9/27      AC:  5    Str: 12    XL:     2   Next: 83%
Magic:  2/2        EV: 12    Int: 11    God:    Xom [..*...]
Gold:   0          SH:  0    Dex: 13    Spells: 1/1 levels left

rFire   . . .        a - +0 spear (chaos)
rCold   . . .        (no shield)
rNeg    . . .        b - +2 leather armour
rPois   .            (no helmet)
rElec   .            (no cloak)
rCorr   .            (no gloves)
SInv    .            (no boots)
Will    .....        (no amulet)
Stlth   +            (no ring)
HPRegen 0.24/turn    (no ring)
MPRegen 0.08/turn

%: no teleportation
@: engulfed
A: (nimble swimmer 2), mertail
a: Renounce Religion


You were in the Dungeon.
You worshipped Xom.
You were a toy of Xom.
You visited 1 branch

Inventory:

Hand Weapons
 a - a +0 spear of chaos (weapon)
Armour
 b - a +2 leather armour (worn)
Scrolls
 i - a scroll of blinking
Potions
 d - 2 potions of curing
 e - a potion of heal wounds
 f - a potion of haste
 g - 2 potions of magic
 h - a potion of berserk rage
 j - a potion of brilliance {unknown}
Miscellaneous
 c - a piece from Xom's chessboard (14/15) (quivered)


   Skills:
 + Level 5.0 Fighting
 + Level 6.0 Polearms
 + Level 1.1 Armour
 + Level 3.5 Dodging


You had one spell level left.
You didn't know any spells.
Your spell library was empty.

Dungeon Overview and Level Annotations

Branches:
Dungeon (1/1)

Altars:

Annotations:
D Crazy Yiuf


Innate Abilities, Weirdness & Mutations

((You are very nimble when in or above water. (Stealth+, EV+, Speed+++)))
Your lower body shifts to a powerful aquatic tail in water.


Message History

You hear a shout!
You hear a shout!
You hear a shout!
You hear a shout!
You hear a shout!
You hear a shout! x2
Crazy Yiuf the Enlightened comes into view.
He is wielding a +2 quarterstaff of chaos.
You hear a shout!
You hear a shout! x2
You hear a shout!
You hear a shout!
You open the door.
A human and a water elemental come into view.
The human shouts!
The human closely misses you.
You reach to attack!
You hit the human.
The human is lightly wounded.
The human misses you.
A human comes into view.
You don't know any spells.
Okay, then.
Okay, then.
You make a move on Xom's chessboard...
The water elemental is unaffected.
The human closely misses you.
You hit the water elemental.
The water elemental is lightly damaged.
The human closely misses you. The water elemental hits you!
Ouch! That really hurt!
The water elemental engulfs you in water!
The human hits you from afar with a +0 spear.
* * * LOW HITPOINT WARNING * * *
You hit the water elemental but do no damage.
The water elemental suddenly seems more agile.
The water elemental is lightly damaged. "See what I see, my child!"
You detect items!
The water elemental closely misses you.
The human hits you from afar with a +0 spear!
Ouch! That really hurt!
You die...
Xom is highly amused!

▓▓▓ ▓▓▓ <.#∆∆ ... ♣.#
..#∆∆ ..g. ♣.#
#'####....♣ ♣♣.#∆ ∆ ∆
...†.#....~ ♣..# #+#'#
.....#...~~.. ♣..#......
∆
.....#..~~~~♣♣♣♣@E.⌠.p..
####'#..~≈≈~~~.♣.#p..###
∆ ...†.#.~~≈~~~....# ⌠.#
..†..#.~≈~~~.....# .#∆
.....#.~~~.......# #
'#####...........# ∆∆
.................#
▓▓▓▓▓▓▓▓▓▓▓▓▓▓▓▓▓▓


You could see a water elemental (agile) and 2 humans.

Vanquished Creatures
  A human (D)
  4 rats (D)
5 creatures vanquished.

Notes
Turn   | Place    | Note
-------+----------+-------------------------------------------
     0 | D        | shakesphere1979 the Merfolk Chaos Knight began the quest
                  | for the Orb.
     0 | D        | Reached XP level 1. HP: 18/18 MP: 1/1
    16 | D        | Reached skill level 1 in Armour
    61 | D        | Reached skill level 5 in Fighting
    61 | D        | Reached skill level 6 in Polearms
    61 | D        | Reached XP level 2. HP: 15/27 MP: 2/2
   176 | D        | Noticed Crazy Yiuf
   182 | D        | Noticed a human
   182 | D        | Noticed a water elemental
   183 | D        | Noticed a human
   186 | D        | XOM: divination: detect items
   186 | D        | Mangled by a human

Illustrated notes

Levels and vault maps discovered:
D:        dungeon_sprint_mu [sprint_mu_entry_forest, sprint_mu_temple_rooms,
          sprint_mu_d1_horrors, sprint_mu_d2_genie, sprint_mu_d3_branching,
          sprint_mu_orc_legion, sprint_mu_elf_gauntlet, sprint_mu_hive_nellie,
          sprint_mu_lair_fedhas, sprint_mu_vaults_butterflies,
          sprint_mu_slime_circle, sprint_mu_shoals_kraken,
          sprint_mu_snake_twists, sprint_mu_blade_basic, sprint_mu_crypt_lich,
          sprint_mu_tomb_spiral, sprint_mu_vestibule_basic,
          sprint_mu_gehenna_hellfire, sprint_mu_dis_giant,
          sprint_mu_tartarus_statrot, sprint_mu_cocytus_islands, sprint_mu_zot1]

Skill      XL: |  1 |
---------------+----+-----
Armour         | 1 |  1.1
Fighting       | 5 |  5.0
Polearms       | 6 |  6.0
Dodging        | 3 |  3.5

Action                     || total
---------------------------++-------
  Melee: Spear             ||    18
  Evoke: Piece from Xom's  ||     2
  Dodge: Dodged            ||     8

Table legend: (Time is in decaauts)
 A = Elapsed time spent in this place.
 B = Non-inter-level travel time spent in this place.
 C = Inter-level travel time spent in this place.
 D = Time resting spent in this place.
 E = Time spent auto-exploring this place.
 F = Levels seen in this place.
 G = Mean time per level.
                   A        B        C        D        E       F      G
               +--------+--------+--------+--------+--------+-----+--------+
         Total |    183 |    183 |      0 |      0 |      0 |   1 |  183.0 |
       Dungeon |    183 |    183 |      0 |      0 |      0 |   1 |  183.0 |
               +--------+--------+--------+--------+--------+-----+--------+

Top non-repeatable levels by time:
       D: 183 daAuts
